 Dungeon Crawl Stone Soup version 0.27.1-1-g398f81649c (webtiles) character file.

Game seed: 18065145124702129607

385 DearestLeader the Reanimator (level 6, -1/43 HPs)
             Began as a Demonspawn Necromancer on Sept 13, 2021.
             Was an Initiate of Makhleb.
             Slain by a phantom (7 damage)
             ... on level 5 of the Dungeon.
             The game lasted 00:06:50 (3512 turns).

DearestLeader the Reanimator (DsNe)                 Turns: 3512, Time: 00:06:50

Health: -1/43      AC:  6    Str: 10    XL:     6   Next: 48%
Magic:  4/9        EV: 12    Int: 16    God:    Makhleb [......]
Gold:   180        SH:  0    Dex: 14    Spells: 4/9 levels left

rFire    . . .     SeeInvis .   c - +2 dagger (elec)
rCold    . . .     Faith    .   (no shield)
rNeg     . . .     Spirit   .   a - +0 robe
rPois    .         Reflect  .   (no helmet)
rElec    .         Harm     .   (no cloak)
rCorr    .         Rampage  .   f - +1 pair of gloves
Will     .....                  (no boots)
Stlth    ++........             (no amulet)
HPRegen  0.14/turn              (no ring)
MPRegen  0.11/turn              (no ring)

@: flying, very slightly contaminated, invisible
A: talons 1, molten scales 1
a: Renounce Religion


You were on level 5 of the Dungeon.
You worshipped Makhleb.
Makhleb was noncommittal.
You visited 2 branches of the dungeon, and saw 6 of its levels.

You collected 180 gold pieces.

Inventory:

Hand Weapons
 c - a +2 dagger of electrocution (weapon)
 n - a +0 scythe of pain
Missiles
 g - 2 boomerangs of dispersal (quivered)
 i - 43 sling bullets
 j - 45 arrows
Armour
 a - a +0 robe (worn)
 e - a +0 pair of gloves
 f - a +1 pair of gloves (worn)
Scrolls
 b - a scroll of vulnerability {unknown}
 h - a scroll of teleportation
 k - a scroll of identify {unknown}
 m - a scroll of enchant armour {unknown}
 p - a scroll of fog {unknown}
 r - a scroll of summoning {unknown}
Potions
 d - 2 potions of flight


   Skills:
 + Level 1.1 Fighting
 - Level 2.0 Dodging
 - Level 2.0 Stealth
 - Level 2.0 Spellcasting
 * Level 8.2 Necromancy
 + Level 1.5 Invocations


You had 4 spell levels left.
You knew the following spells:

 Your Spells              Type           Power      Damage    Failure   Level
a - Pain                  Necr           100%       1d9       1%          1
b - Animate Skeleton      Necr           54%        N/A       1%          1
c - Vampiric Draining     Necr           13%        2d7       2%          3

Your spell library contained the following spells:

 Spells                   Type           Power      Damage    Failure   Level
 Animate Dead             Necr           13%        N/A       7%          4
 Passage of Golubria      Tloc           N/A        N/A       90%         4
 Agony                    Necr           27%        N/A       21%         5
 Silence                  Hex/Air        0%         N/A       99%         5
 Lehudib's Crystal Spear  Conj/Erth      0%         10d2      100%        8


Dungeon Overview and Level Annotations

Branches:
Dungeon (5/15)             Temple (1/1) D:4

Altars:
Makhleb
Uskayaw
Zin

Annotations:
D:4 Menkaure
D:5 1 runed translucent door, Eustachio; Kala's ghost, novice MiFi


Innate Abilities, Weirdness & Mutations

You have sharp toenails.
You are partially covered in molten scales. (AC +2)


Message History

The phantom blinks!
You blink.
It was a potion of heal wounds.
You feel much better. The phantom hits you.
You hit the phantom.
The phantom is moderately damaged.
The phantom hits you.
The phantom blinks!
You blink.
You hit the phantom but do no damage. Lightning courses through the phantom!
The phantom is severely damaged.
The phantom hits you.
The phantom blinks!
You blink.
You hit the phantom. Your kick misses the phantom.
The phantom is almost destroyed.
The bat closely misses you. The phantom hits you.
You miss the phantom. Your kick misses the phantom.
The phantom is almost destroyed.
The bat hits you but does no damage.
The phantom hits you but does no damage.
You closely miss the phantom.
The phantom is almost destroyed.
The bat closely misses you. The phantom hits you.
* * * LOW HITPOINT WARNING * * *
The phantom blinks!
You blink.
You closely miss the phantom.
The phantom is almost destroyed.
Eustachio shouts!
The phantom hits you.
* * * LOW HITPOINT WARNING * * *
The bat hits you but does no damage.
You hit the phantom.
The phantom is almost destroyed.
The bat hits you but does no damage. The phantom misses you.
Eustachio mumbles some strange words.
It was a potion of invisibility.
You fade into invisibility!
The bat hits you but does no damage. The phantom barely misses you.
The bat hits you but does no damage.
You are very lightly contaminated with residual magic.
You closely miss the phantom. Your kick misses the phantom.
The phantom is almost destroyed.
The bat misses you. The bat closely misses you.
The bat hits you but does no damage. The phantom hits you!
You die...

#.....####+
...##.....##...
...............
...##..........
#..........
#..........
+..........
#..........
......
#.b@.###..#
......##..Wb##
..#
.........@..#
#...##.....#
####...##.....#
.........b....#
..............#
..............#
####$..##.##.##


You could see Eustachio, a phantom and 3 bats.

Vanquished Creatures
  Sigmund (D:3)
  An ice beast (D:5)
  A hound (D:5)
  An adder (D:4)
  2 worms
  6 orcs
  A ball python (D:3)
  9 bats
  4 endoplasms
  4 giant cockroaches
  12 goblins
  9 hobgoblins
  6 jackals
  7 kobolds
  3 quokkas
  A frilled lizard (D:2)
  5 rats
73 creatures vanquished.

Notes
Turn   | Place    | Note
-------+----------+-------------------------------------------
     0 | D:1      | DearestLeader the Demonspawn Necromancer began the quest
                  | for the Orb.
     0 | D:1      | Reached XP level 1. HP: 13/13 MP: 3/3
   529 | D:1      | Gained mutation: You are partially covered in molten
                  | scales. (AC +2) [demonic ancestry]
   529 | D:1      | Reached XP level 2. HP: 14/19 MP: 0/5
   533 | D:1      | Reached skill level 5 in Necromancy
  1071 | D:2      | Reached XP level 3. HP: 20/24 MP: 6/6
  1168 | D:2      | Learned a level 1 spell: Animate Skeleton
  1172 | D:2      | Learned a level 3 spell: Vampiric Draining
  2058 | D:3      | Reached skill level 6 in Necromancy
  2145 | D:3      | Noticed Sigmund
  2338 | D:3      | Gained mutation: You have sharp toenails. [demonic
                  | ancestry]
  2338 | D:3      | Reached XP level 4. HP: 30/30 MP: 7/7
  2478 | D:3      | Killed Sigmund
  2479 | D:3      | Reached skill level 7 in Necromancy
  2479 | D:3      | Reached XP level 5. HP: 27/35 MP: 4/8
  2851 | D:4      | Found a staircase to the Ecumenical Temple.
  2863 | Temple   | Entered the Ecumenical Temple
  2885 | Temple   | Became a worshipper of Makhleb the Destroyer
  3140 | D:4      | Noticed Menkaure
  3148 | D:5      | Entered Level 5 of the Dungeon
  3148 | D:5      | Noticed Kala's ghost (novice MiFi)
  3388 | D:5      | Found a runed translucent door.
  3388 | D:5      | Noticed an ice beast
  3395 | D:5      | Killed an ice beast
  3396 | D:5      | Reached skill level 1 in Fighting
  3396 | D:5      | Reached skill level 8 in Necromancy
  3396 | D:5      | Reached skill level 1 in Invocations
  3396 | D:5      | Reached XP level 6. HP: 41/43 MP: 0/9
  3469 | D:5      | Noticed Eustachio
  3512 | D:5      | Slain by a phantom

Illustrated notes

Levels and vault maps discovered:
D:1:      elethiomel_arrival_shortcut, layout_loops_ring
D:2:      layout_loops_ring, minmay_goblin_kobold_house
D:3:      layout_rooms, uniq_sigmund
D:4:      layout_loops_ring, kennysheep_little_box, doesnt_xom_only_xom,
          minmay_temple_entry_ruins, uniq_menkaure
D:5:      layout_gridville, hellmonk_ghost_happy_afterlife, uniq_eustachio,
          uniq_edmund
Temple:   dpeg_chambers_temple

Skill      XL: |  1  2  3  4  5 |
---------------+----------------+-----
Necromancy     | 5 6 7 8 |  8.2
Dodging        | 2 |  2.0
Stealth        | 2 |  2.0
Fighting       | 1 |  1.1
Invocations    | 1 |  1.5
Spellcasting   | |  2.0

Action                   |  1- 3 |  4- 6 || total
-------------------------+-------+-------++-------
Melee: Dagger            |   121 |    77 ||   198
       Kick              |       |     9 ||     9
 Cast: Pain              |    14 |     5 ||    19
       Vampiric Draining |     3 |     7 ||    10
       Animate Skeleton  |     1 |       ||     1
  Use: Scroll            |     1 |       ||     1
       Potion            |       |     4 ||     4
 Stab: Sleeping          |     9 |     1 ||    10
Armor: Robe              |    43 |    41 ||    84
Dodge: Dodged            |    69 |    75 ||   144
